General information
- name: BNet
- type: Ladder team game (AT/RT)
- host: Battle.net
- saver: 418
map: Battleground
- players: 8
- length: 181:36
- speed: Fast
- version: 1.24 W3XP
- replay type: Public
» download(553 KB)
Players
team 1 (loser)
WittySpaces.com (
red | 6 APM | 1084 actions | 181:34)
4 Death Knight
2 Death Coil
2 Unholy Aura
» actions
| Assign group hotkey | 55 | |
| Basic commands | 32 | |
| Build / train | 54 | |
| Enter build submenu | 11 | |
| Enter hero's abilities submenu | 4 | |
| Remove unit from queue | 5 | |
| Right click | 548 | |
| Select / deselect | 212 | |
| Select group hotkey | 108 | |
| Use ability | 54 | |
1084 total
» units
| Acolyte | 12 | |
| Ghoul | 1 | |
| Crypt Fiend | 15 | |
28 total
» upgrades
| Creature Attack | 2 | |
| Burrow | 1 | |
| Web | 1 | |
| Creature Carapace | 1 | |
5 total
» buildings
| Graveyard | 1 | |
| Crypt | 2 | |
| Altar of Darkness | 1 | |
| Ziggurat | 5 | |
| Tomb of Relics | 1 | |
| Halls of the Dead | 1 | |
| Spirit Tower | 4 | |
15 total
» build order
00:32 Graveyard
00:35 Crypt
00:55 Altar of Darkness
01:03 Ziggurat
01:38 Tomb of Relics
02:20 Ziggurat
04:51 Halls of the Dead
05:18 Ziggurat
05:34 Spirit Tower
09:04 Spirit Tower
09:48 Crypt
11:22 Ziggurat
13:05 Ziggurat
14:19 Spirit Tower
14:49 Spirit Tower
» items
| Rod of Necromancy | 3 | |
| Dust of Appearance | 2 | |
5 total

»
DiAbLo-JoiNt (
purple | 38 APM | 6837 actions | 181:34)
10 Warden
3 Shadow Strike
3 Blink
3 Fan of Knives
1 Spirit of Vengeance
» actions
| Assign group hotkey | 47 | |
| Basic commands | 178 | |
| Build / train | 186 | |
| ESC pressed | 3 | |
| Enter build submenu | 85 | |
| Enter hero's abilities submenu | 10 | |
| Give item / drop item | 10 | |
| Right click | 3457 | |
| Select / deselect | 877 | |
| Select group hotkey | 1577 | |
| Use ability | 407 | |
6837 total
» units
| Wisp | 83 | |
| Archer | 9 | |
| Druid of the Talon | 9 | |
| Chimaera | 15 | |
| Hippogryph | 8 | |
124 total
» upgrades
| Improved Bows | 1 | |
| Well Spring | 1 | |
| Strength of the Wild | 3 | |
| Corrosive Breath | 1 | |
| Reinforced Hides | 3 | |
| Nature's Blessing | 1 | |
| Ultravision | 1 | |
| Druid of the Talon Training | 2 | |
| Mark of the Talon | 1 | |
| Hippogryph Taming | 1 | |
| Strength of the Moon | 3 | |
| Moon Armor | 3 | |
| Sentinel | 1 | |
| Vorpal Blades | 1 | |
| Upgrade Moon Glaive | 1 | |
| Marksmanship | 1 | |
| Backpack | 1 | |
| Abolish Magic | 1 | |
| Druid of the Claw Training | 1 | |
| Hardened Skin | 1 | |
| Resistant Skin | 1 | |
30 total
» buildings
| Altar of Elders | 1 | |
| Moon Well | 8 | |
| Ancient of War | 55 | |
| Tree of Ages | 1 | |
| Hunter's Hall | 1 | |
| Ancient of Wonders | 2 | |
| Tree of Eternity | 1 | |
| Ancient of Wind | 2 | |
| Tree of Life | 6 | |
| Chimaera Roost | 3 | |
| Ancient of Lore | 2 | |
82 total
» build order
00:07 Altar of Elders
00:19 Moon Well
00:52 Ancient of War
01:31 Moon Well
02:43 Moon Well
03:50 Tree of Ages
04:45 Hunter's Hall
04:48 Ancient of Wonders
06:15 Tree of Eternity
06:33 Ancient of Wind
06:37 Moon Well
07:13 Tree of Life
09:02 Chimaera Roost
09:04 Chimaera Roost
09:06 Chimaera Roost
10:06 Tree of Life
11:47 Tree of Life
12:02 Moon Well
12:04 Moon Well
14:47 Ancient of Wind
19:39 Ancient of Wonders
19:53 Tree of Life
21:50 Tree of Life
23:49 Tree of Life
47:30 Ancient of War
51:35 Ancient of Lore
51:36 Ancient of Lore
57:16 Ancient of War
57:17 Ancient of War
57:19 Ancient of War
57:20 Ancient of War
57:28 Ancient of War
57:33 Ancient of War
57:37 Ancient of War
57:38 Ancient of War
57:38 Ancient of War
57:41 Ancient of War
57:42 Ancient of War
57:44 Ancient of War
57:49 Ancient of War
57:51 Ancient of War
57:52 Ancient of War
57:54 Ancient of War
57:56 Ancient of War
57:57 Ancient of War
57:59 Ancient of War
58:00 Ancient of War
58:01 Ancient of War
58:10 Ancient of War
58:14 Ancient of War
58:21 Ancient of War
58:23 Ancient of War
58:24 Ancient of War
58:26 Ancient of War
58:37 Ancient of War
58:39 Ancient of War
58:42 Ancient of War
58:43 Ancient of War
58:45 Ancient of War
58:46 Ancient of War
58:47 Ancient of War
58:49 Ancient of War
58:50 Ancient of War
58:51 Ancient of War
58:57 Ancient of War
58:58 Ancient of War
58:59 Ancient of War
59:00 Ancient of War
59:01 Ancient of War
59:02 Ancient of War
59:14 Ancient of War
59:15 Ancient of War
59:16 Ancient of War
59:17 Ancient of War
59:24 Ancient of War
59:25 Ancient of War
59:27 Ancient of War
59:31 Ancient of War
60:09 Ancient of War
60:14 Ancient of War
77:11 Moon Well
78:17 Moon Well
» items
| Boots of Speed | 1 | |
| Potion of Healing | 3 | |
| Staff of Teleportation | 2 | |
| Orb of Venom | 1 | |
| Scroll of Town Portal | 4 | |
| Potion of Mana | 1 | |
| Dust of Appearance | 4 | |
| Moonstone | 2 | |
18 total

»
50Percent_Event (
pink | 76 APM | 1683 actions | 22:00)
4 Far Seer
2 Feral Spirit
2 Chain Lighting
2 Shadow Hunter
1 Hex
1 Healing Wave
» actions
| Assign group hotkey | 39 | |
| Basic commands | 9 | |
| Build / train | 65 | |
| Enter build submenu | 17 | |
| Enter hero's abilities submenu | 6 | |
| Give item / drop item | 1 | |
| Right click | 676 | |
| Select / deselect | 286 | |
| Select group hotkey | 505 | |
| Use ability | 79 | |
1683 total
» units
| Peon | 8 | |
| Grunt | 12 | |
| Shaman | 7 | |
| Tauren | 4 | |
| Troll Headhunter/Berserker | 4 | |
35 total
» upgrades
| Melee Weapons | 1 | |
| Berserker Strength | 1 | |
| Shaman Training | 2 | |
| Armor | 1 | |
| Reinforced Defenses | 1 | |
| Pulverize | 1 | |
| Berserker Upgrade | 1 | |
8 total
» buildings
| Altar of Storms | 1 | |
| Orc Burrow | 6 | |
| Barracks | 1 | |
| Voodoo Lounge | 1 | |
| Stronghold | 1 | |
| War Mill | 1 | |
| Watch Tower | 4 | |
| Spirit Lodge | 1 | |
| Fortress | 1 | |
| Tauren Totem | 1 | |
18 total
» build order
00:06 Altar of Storms
00:08 Orc Burrow
01:02 Barracks
01:19 Orc Burrow
02:22 Orc Burrow
02:34 Voodoo Lounge
03:25 Stronghold
04:22 War Mill
04:35 Orc Burrow
05:52 Watch Tower
07:24 Spirit Lodge
07:37 Fortress
09:53 Watch Tower
11:50 Tauren Totem
11:58 Orc Burrow
13:01 Watch Tower
15:39 Watch Tower
20:08 Orc Burrow
» items
| Scroll of Speed | 2 | |
| Healing Salve | 1 | |
| Scroll of Town Portal | 3 | |
| Lesser Clarity Potion | 1 | |
| Potion of Mana | 1 | |
| Orb of Lightning | 1 | |
| Potion of Healing | 2 | |
11 total
HoneyBlunt (
teal | 26 APM | 2256 actions | 87:34)
4 Tauren Chieftain
2 War Stomp
2 Endurance Aura
3 Shadow Hunter
1 Hex
2 Healing Wave
» actions
| Assign group hotkey | 17 | |
| Basic commands | 72 | |
| Build / train | 62 | |
| ESC pressed | 3 | |
| Enter build submenu | 31 | |
| Enter hero's abilities submenu | 7 | |
| Give item / drop item | 2 | |
| Remove unit from queue | 1 | |
| Right click | 1071 | |
| Select / deselect | 515 | |
| Select group hotkey | 344 | |
| Use ability | 131 | |
2256 total
» units
| Peon | 11 | |
| Grunt | 7 | |
| Troll Witch Doctor | 3 | |
| Tauren | 5 | |
| Shaman | 2 | |
28 total
» upgrades
| Berserker Strength | 1 | |
| Armor | 1 | |
| Melee Weapons | 1 | |
| Witch Doctor Training | 2 | |
| Shaman Training | 2 | |
| Ensnare | 1 | |
| Reinforced Defenses | 1 | |
| Spiked Barricades | 3 | |
| Pulverize | 1 | |
13 total
» buildings
| Orc Burrow | 7 | |
| Barracks | 1 | |
| Altar of Storms | 1 | |
| War Mill | 3 | |
| Voodoo Lounge | 1 | |
| Watch Tower | 11 | |
| Stronghold | 1 | |
| Spirit Lodge | 1 | |
| Fortress | 1 | |
| Beastiary | 1 | |
| Tauren Totem | 1 | |
| Great Hall | 1 | |
30 total
» build order
00:20 Orc Burrow
00:35 Barracks
00:50 Altar of Storms
01:12 War Mill
01:46 Orc Burrow
02:15 Voodoo Lounge
02:58 Watch Tower
03:01 Watch Tower
03:46 Stronghold
04:06 Orc Burrow
08:49 Watch Tower
08:51 Watch Tower
08:58 Spirit Lodge
09:13 War Mill
09:58 Watch Tower
10:11 Watch Tower
10:16 Watch Tower
10:17 Fortress
10:33 Beastiary
11:55 Orc Burrow
12:09 Orc Burrow
12:53 Tauren Totem
21:05 Orc Burrow
21:40 Orc Burrow
21:45 War Mill
23:10 Watch Tower
23:11 Watch Tower
23:14 Watch Tower
23:57 Watch Tower
24:26 Great Hall
» items
| Healing Salve | 2 | |
| Boots of Speed | 1 | |
| Scroll of Town Portal | 3 | |
| Orb of Lightning | 1 | |
| Potion of Healing | 2 | |
9 total
team 2 (winner)
getitup (
yellow | 144 APM | 2780 actions | 19:16)
5 Archmage
3 Summon Water Elemental
2 Brilliance Aura
2 Firelord
1 Summon Lava Spawn
1 Soul Burn
» actions
| Assign group hotkey | 52 | |
| Basic commands | 107 | |
| Build / train | 87 | |
| Enter build submenu | 17 | |
| Enter hero's abilities submenu | 7 | |
| Give item / drop item | 6 | |
| Right click | 1187 | |
| Select / deselect | 373 | |
| Select group hotkey | 818 | |
| Use ability | 126 | |
2780 total
» units
| Peasant | 11 | |
| Footman | 6 | |
| Sorceress | 9 | |
| Priest | 4 | |
| Spell Breaker | 8 | |
38 total
» upgrades
| Defend | 1 | |
| Control Magic | 1 | |
| Sorceress Training | 2 | |
4 total
» buildings
| Altar of Kings | 1 | |
| Farm | 11 | |
| Barracks | 1 | |
| Scout Tower | 1 | |
| Arcane Tower | 3 | |
| Keep | 1 | |
| Arcane Vault | 1 | |
| Lumber Mill | 1 | |
| Arcane Sanctum | 2 | |
| Castle | 1 | |
23 total
» build order
00:09 Altar of Kings
00:21 Farm
00:37 Barracks
00:55 Farm
01:30 Scout Tower
01:53 Farm
01:59 Arcane Tower
01:59 Arcane Tower
01:59 Arcane Tower
02:36 Farm
03:55 Keep
04:10 Arcane Vault
04:14 Farm
04:16 Lumber Mill
04:56 Farm
06:21 Arcane Sanctum
06:22 Arcane Sanctum
07:12 Farm
07:13 Farm
07:13 Farm
09:20 Castle
10:16 Farm
10:16 Farm
» items
| Scroll of Regeneration | 5 | |
| Lesser Clarity Potion | 1 | |
| Potion of Healing | 3 | |
| Scroll of Town Portal | 5 | |
| Scroll of Healing | 5 | |
19 total
ErPf3000 (
orange | 24 APM | 3934 actions | 161:10)
5 Death Knight
2 Death Coil
3 Unholy Aura
3 Lich
2 Frost Nova
1 Dark Ritual
2 Dreadlord
1 Sleep
1 Vampiric Aura
» actions
| Assign group hotkey | 37 | |
| Basic commands | 378 | |
| Build / train | 82 | |
| ESC pressed | 1 | |
| Enter build submenu | 16 | |
| Enter hero's abilities submenu | 10 | |
| Give item / drop item | 5 | |
| Right click | 1323 | |
| Select / deselect | 1199 | |
| Select group hotkey | 740 | |
| Use ability | 143 | |
3934 total
» units
| Acolyte | 4 | |
| Ghoul | 3 | |
| Crypt Fiend | 13 | |
| Obsidian Statue | 3 | |
| Frost Wyrm | 4 | |
27 total
» upgrades
| Web | 1 | |
| Burrow | 1 | |
| Destroyer Form | 1 | |
| Creature Carapace | 2 | |
| Creature Attack | 1 | |
6 total
» buildings
| Crypt | 1 | |
| Graveyard | 1 | |
| Altar of Darkness | 1 | |
| Ziggurat | 7 | |
| Tomb of Relics | 1 | |
| Nerubian Tower | 2 | |
| Halls of the Dead | 2 | |
| Spirit Tower | 8 | |
| Slaughterhouse | 1 | |
| Black Citadel | 2 | |
| Sacrificial Pit | 1 | |
| Boneyard | 1 | |
28 total
» build order
00:26 Crypt
00:34 Graveyard
00:45 Altar of Darkness
01:01 Ziggurat
01:46 Tomb of Relics
02:01 Nerubian Tower
02:14 Ziggurat
04:08 Ziggurat
04:42 Halls of the Dead
04:42 Halls of the Dead
06:45 Spirit Tower
07:20 Slaughterhouse
08:32 Black Citadel
08:33 Black Citadel
09:42 Ziggurat
10:26 Sacrificial Pit
13:19 Boneyard
14:38 Ziggurat
20:28 Ziggurat
22:57 Ziggurat
22:58 Spirit Tower
22:58 Spirit Tower
23:00 Spirit Tower
23:00 Spirit Tower
23:00 Spirit Tower
» items
| Rod of Necromancy | 3 | |
| Scroll of Town Portal | 4 | |
| Potion of Healing | 2 | |
| Orb of Corruption | 1 | |
| Scroll of Healing | 1 | |
| Scroll of Speed | 1 | |
| Lesser Clarity Potion | 1 | |
| Scroll of Regeneration | 1 | |
14 total
418 (
blue | 21 APM | 3733 actions | 181:35)
10 Blademaster
3 Wind Walk
3 Critical Strike
1 Bladestorm
3 Mirror Image
1 Far Seer
1 Feral Spirit
» actions
| Assign group hotkey | 15 | |
| Basic commands | 327 | |
| Build / train | 116 | |
| ESC pressed | 2 | |
| Enter build submenu | 63 | |
| Enter hero's abilities submenu | 12 | |
| Give item / drop item | 10 | |
| Right click | 1778 | |
| Select / deselect | 969 | |
| Select group hotkey | 240 | |
| Use ability | 200 | |
3733 total
» units
| Peon | 31 | |
| Wind Rider | 16 | |
| Shaman | 4 | |
| Troll Batrider | 1 | |
52 total
» upgrades
| Reinforced Defenses | 1 | |
| Envenomed Spears | 1 | |
| Ranged Weapons | 3 | |
| Armor | 3 | |
| Spiked Barricades | 3 | |
| Liquid Fire | 1 | |
| War Drums Damage Increase | 1 | |
| Ensnare | 1 | |
| Melee Weapons | 3 | |
| Berserker Strength | 1 | |
| Troll Regeneration | 1 | |
| Berserker Upgrade | 1 | |
| Burning Oil | 1 | |
| Pulverize | 1 | |
| Shaman Training | 2 | |
| Witch Doctor Training | 2 | |
| Spirit Walker Training | 2 | |
| Pillage | 1 | |
| Backpack | 1 | |
30 total
» buildings
| War Mill | 2 | |
| Orc Burrow | 7 | |
| Altar of Storms | 1 | |
| Voodoo Lounge | 1 | |
| Watch Tower | 40 | |
| Stronghold | 1 | |
| Fortress | 1 | |
| Beastiary | 2 | |
| Town Hall | 1 | |
| Farm | 1 | |
| Great Hall | 5 | |
| Barracks | 1 | |
| Spirit Lodge | 1 | |
| Tauren Totem | 1 | |
65 total
» build order
00:16 War Mill
00:29 Orc Burrow
00:42 Altar of Storms
01:22 Voodoo Lounge
01:55 Watch Tower
02:16 Watch Tower
02:22 Orc Burrow
02:53 Watch Tower
03:38 Stronghold
04:33 Watch Tower
06:00 Fortress
06:01 Beastiary
06:04 Beastiary
07:03 Watch Tower
07:08 Watch Tower
07:13 Orc Burrow
07:17 Orc Burrow
11:52 Orc Burrow
13:09 Orc Burrow
13:10 Orc Burrow
15:58 Watch Tower
16:04 Watch Tower
16:08 Watch Tower
20:45 Town Hall
21:18 Farm
25:26 Great Hall
25:48 Great Hall
25:49 Watch Tower
26:07 Watch Tower
26:14 Watch Tower
26:15 Watch Tower
26:16 Watch Tower
26:17 Watch Tower
26:22 Watch Tower
26:25 Watch Tower
28:57 Great Hall
29:09 Watch Tower
29:39 Watch Tower
29:40 Watch Tower
29:57 Watch Tower
32:39 Great Hall
32:46 Great Hall
34:44 Watch Tower
35:29 Watch Tower
36:09 Watch Tower
37:13 Barracks
37:20 Spirit Lodge
37:23 Tauren Totem
64:27 Watch Tower
64:28 Watch Tower
64:29 Watch Tower
64:30 Watch Tower
64:31 Watch Tower
64:33 Watch Tower
64:34 Watch Tower
64:35 Watch Tower
64:36 Watch Tower
64:37 Watch Tower
64:39 Watch Tower
64:40 Watch Tower
64:42 Watch Tower
64:43 Watch Tower
64:43 Watch Tower
69:41 War Mill
79:41 Watch Tower
» items
| Healing Salve | 3 | |
| Lesser Clarity Potion | 8 | |
| Staff of Teleportation | 1 | |
| Boots of Speed | 2 | |
| Circlet of Nobility | 1 | |
| Orb of Lightning | 1 | |
| Potion of Lesser Invulnerability | 1 | |
| Potion of Mana | 1 | |
| Scroll of Town Portal | 1 | |
19 total
bpdog143 (
green | 25 APM | 1096 actions | 43:25)
4 Mountain King
2 Storm Bolt
2 Bash
4 Paladin
2 Holy Light
1 Divine Shield
1 Devotion Aura
2 Archmage
1 Brilliance Aura
1 Summon Water Elemental
» actions
| Assign group hotkey | 22 | |
| Basic commands | 137 | |
| Build / train | 58 | |
| Enter build submenu | 20 | |
| Enter hero's abilities submenu | 10 | |
| Give item / drop item | 1 | |
| Remove unit from queue | 1 | |
| Right click | 256 | |
| Select / deselect | 315 | |
| Select group hotkey | 205 | |
| Use ability | 71 | |
1096 total
» units
| Peasant | 10 | |
| Footman | 5 | |
| Rifleman | 1 | |
| Knight | 7 | |
| Forest Troll Shadow Priest | 1 | |
| Siege Engine | 3 | |
27 total
» upgrades
| Swords | 3 | |
| Barrage | 1 | |
| Lumber Harvesting | 1 | |
| Masonry | 1 | |
6 total
» buildings
| Altar of Kings | 1 | |
| Farm | 10 | |
| Barracks | 2 | |
| Arcane Vault | 1 | |
| Keep | 1 | |
| Lumber Mill | 1 | |
| Scout Tower | 2 | |
| Blacksmith | 1 | |
| Arcane Tower | 1 | |
| Castle | 1 | |
| Guard Tower | 1 | |
| Workshop | 1 | |
23 total
» build order
00:03 Altar of Kings
00:05 Farm
00:44 Barracks
01:10 Farm
01:45 Farm
01:53 Arcane Vault
02:40 Farm
03:10 Keep
03:25 Lumber Mill
04:10 Scout Tower
04:13 Blacksmith
04:37 Farm
04:42 Arcane Tower
05:52 Scout Tower
06:16 Castle
08:38 Barracks
08:43 Farm
08:44 Guard Tower
10:41 Farm
10:44 Workshop
12:59 Farm
13:01 Farm
15:39 Farm
» items
| Scroll of Regeneration | 1 | |
| Lesser Clarity Potion | 1 | |
| Boots of Speed | 1 | |
| Potion of Healing | 1 | |
| Potion of Mana | 2 | |
6 total
Chat log
(00:09 / Allies) ErPf3000: ohh
(00:10 / All) HoneyBlunt: gl hf ERPF
(00:16 / All) ErPf3000: ohhh
(00:17 / All) 50Percent_Event: 418....what did that fucker do that one game?
(00:18 / All) ErPf3000: =
(00:22 / All) 50Percent_Event: did he actually beat you?
(00:35 / All) 50Percent_Event: Yo get that cock up!
(00:42 / All) getitup: ye
(01:04 / All) HoneyBlunt: 418 who are u?
(01:13 / All) getitup: mugaro
(01:19 / All) HoneyBlunt: ohh ok
(01:28 / All) 50Percent_Event: Smells like gasoline, why is it burning on me?
(01:29 / All) HoneyBlunt: gl hfl M
(01:33 / All) WittySpaces.com: if you guys didn't realize
(01:54 / Allies) ErPf3000: unit ele?
(01:57 / Allies) ErPf3000: mele?
(02:04 / Allies) bpdog143: i got melee
(02:07 / Allies) ErPf3000: k
(03:28 / All) WittySpaces.com: visit my website for illegal downloads
(03:29 / All) WittySpaces.com: FTW
(04:26 / All) WittySpaces.com: did anyone ever find out what the five fingers say to the face?
(04:43 / All) 50Percent_Event: no clue.. what?
(04:46 / All) WittySpaces.com: SLAP!
(05:35 / All) 50Percent_Event: OH. the webs we weave
(06:44 / Allies) getitup: sec boss
(06:52 / Allies) bpdog143: need me to tp?
(06:57 / Allies) getitup: he's fine
(06:57 / All) 418: GOOD STOMP
(07:31 / Allies) getitup: orange
(07:32 / Allies) getitup: elt's hit
(09:41 / Allies) getitup: yo
(09:42 / Allies) getitup: elt' srape
(09:45 / Allies) getitup: that shit
(09:46 / All) 418: HOW DO YOU MISS THAT
(10:02 / Allies) getitup: orange
(10:03 / Allies) getitup: come
(10:04 / Allies) getitup: easy
(10:05 / Allies) getitup: win
(11:30 / Allies) ErPf3000: ?
(11:31 / Allies) ErPf3000: move
(11:36 / Allies) getitup: wtf
(11:39 / Allies) getitup: fak
(14:17 / All) ErPf3000: gg t` :p
(14:20 / All) ErPf3000: gg tp
(14:24 / All) getitup: bleu amde 0 units
(14:26 / All) getitup: and u lost
(14:34 / All) 50Percent_Event: teal is the fail
(14:44 / All) WittySpaces.com: and purple wasnt doing anything the whole game
(15:22 / Allies) ErPf3000: zz
(16:13 / Allies) ErPf3000: b
(16:14 / Allies) ErPf3000: b
(16:14 / Allies) ErPf3000: b
(16:14 / Allies) ErPf3000: b
(16:14 / Allies) ErPf3000: b
(16:15 / Allies) ErPf3000: b
(16:15 / Allies) ErPf3000: bb
(16:18 / Allies) ErPf3000: tp
(17:10 / All) bpdog143: blue
(17:30 / Allies) ErPf3000: omg
(17:31 / All) bpdog143: blue
(17:33 / Allies) ErPf3000: sto'p
(17:38 / Allies) ErPf3000: heyyy
(17:43 / Allies) bpdog143: please stop blue
(17:55 / Allies) getitup: attack him noob
(18:01 / Allies) getitup: roagne
(18:02 / Allies) ErPf3000: heyyy
(18:02 / Allies) getitup: end ti fast
(18:16 / Allies) bpdog143: why you killing me?
(18:25 / Allies) 418: BECAUSE OF YELLOW
(18:38 / Allies) bpdog143: yellow?
(18:42 / All) getitup: GG
(19:14 / All) getitup: blue bs us
(19:15 / All) getitup: GG
(19:15 / Allies) ErPf3000: tp
(19:16 / Allies) ErPf3000: b
(19:35 / All) ErPf3000: wowww
(19:41 / All) ErPf3000: 418 is kill all
(19:43 / All) ErPf3000: omg
(19:50 / All) ErPf3000: is 5v3
(19:59 / All) 50Percent_Event: OP!
(20:05 / All) 50Percent_Event: haha
(20:53 / All) bpdog143: what do you gain from this 418?
(21:01 / All) 418: GIVE YELLOW A LOSS
(21:09 / All) DiAbLo-JoiNt: LOOOOOOOOL
(21:16 / Allies) bpdog143: well he already left
(21:30 / All) 418: OK
(22:04 / Allies) bpdog143: so give me money blue
(22:10 / Allies) bpdog143: so i can buy hero
(22:28 / Allies) bpdog143: yellow already concurred a loss
(22:31 / Allies) ErPf3000: hippos
(22:33 / Allies) 418: NO HE HASNT
(22:36 / Allies) 418: NOT UNTIL THE GAME IS OVER
(22:39 / Allies) 418: AND IF WE WIN NOW HE GETS A TIE
(22:46 / Allies) ErPf3000: ok
(23:57 / All) ErPf3000: woww
(24:11 / All) HoneyBlunt: idont get it but ill take what i can get
(24:58 / All) bpdog143: 418. you are a real dumbass. You think you are cool!
(25:06 / All) 418: I DIDNT SAY I THINK IM ANYTHING CHIEF
(25:25 / All) bpdog143: so who are you to judge to win a game?
(25:38 / All) 418: BETTER THAN YOU?
(25:50 / All) bpdog143: then why do you play?
(25:57 / All) 418: BECAUSE IM BETTER THAN YOU
(25:59 / All) 418: WHY DO YOU PLAY
(26:07 / All) bpdog143: I play to win
(26:12 / All) 418: THATS A NERDY REASON
(26:18 / All) 418: I PLAY TO HAVE FUN
(26:53 / All) bpdog143: I play to win period. You bs because you want to be the bigger person.
(27:16 / All) 418: MAYBE STABBING YOU IS FUN TO ME
(27:29 / All) bpdog143: well. me watching you lose will be fun for me
(27:38 / All) 418: WHO SYAS IM GOING TO LOSE
(27:58 / All) bpdog143: if you win then you give yellow a tie/win
(28:06 / All) 418: OK
(28:10 / All) bpdog143: it contradicts your judgement
(28:15 / All) 418: HERES SOMETHING YOU HAVENT THOUGHT OF
(28:17 / All) 418: DO I CARE ABOUT LOSING?
(28:32 / All) bpdog143: you feel empowered that you bs
(28:37 / All) bpdog143: that you have control
(28:42 / All) 418: YEAH I DO
(28:46 / All) bpdog143: but the truth is buddy. that you are a loser!
(28:54 / All) 418: AND WHY IS THAT
(29:10 / All) bpdog143: because then. people do not like you
(29:17 / All) 418: WHY DONT PEOPLE LIKE ME?
(29:28 / All) bpdog143: because of your poor judgement
(29:35 / All) 418: PURPLE LIKES ME
(29:58 / All) HoneyBlunt: ......
(29:59 / All) 418: PURPLE'S A STAND UP GUY
(30:09 / Allies) ErPf3000: cancel
(30:10 / All) 418: KEEP GOING THOUGH IM LISTENING
(30:44 / All) 418: PEOPLE DONT LIKE ME BECAUSE OF MY BAD JUDGEMENT
(30:52 / All) 418: YOU'RE RIGHT ABOUT THE EMPOWERING FEEL OF BEING IN CONTROL
(32:16 / All) bpdog143: remember this day and what you said 418. Because when you get older you will regret this.
(32:23 / All) 418: WHAT AGE WILL THAT BE
(32:34 / All) 418: BECAUSE IVE BEEN STABBING RT FOR 7 YEARS
(32:35 / All) bpdog143: maybe 30
(32:50 / Allies) ErPf3000: fck stop
(32:56 / All) 418: AND YOU'RE AT AN AGE WHERE YOU REGRET THINGS LIKE TIHS?
(32:59 / Allies) ErPf3000: omg
(33:50 / All) ErPf3000: omg stop
(34:06 / All) ErPf3000: fck
(34:16 / Allies) ErPf3000: wowwww
(34:19 / All) ErPf3000: wowww
(35:35 / All) DiAbLo-JoiNt: GIVE ME 300 XP
(36:08 / All) ErPf3000: steve
(36:43 / All) ErPf3000: ?
(36:44 / All) 418: YOU STILL HERE GREEN?
(37:05 / All) DiAbLo-JoiNt: GOT ULT AT LVL 10 LOL
(37:36 / All) HoneyBlunt: u guys are still going at it huh?
(37:53 / All) 418: I GUESS GREEN'S AFK
(38:23 / All) HoneyBlunt: u must be bored tonight
(38:28 / All) 418: WHYS THAT
(38:33 / All) HoneyBlunt: i dono
(38:39 / All) 418: I CANT JUST STAB A NIGGER BECAUSE I DONT LIKE HIM?
(38:53 / All) HoneyBlunt: i suppose u could
(38:59 / All) 418: I BET I COULD TOO
(39:07 / All) HoneyBlunt: in fact i think u did
(39:18 / All) HoneyBlunt: mugaro
(39:19 / All) 418: YOU HAPPEN TO BE ONE SUCH NIGGER
(39:21 / All) HoneyBlunt: right?
(39:26 / All) 418: THIS TIME YES
(39:52 / All) HoneyBlunt: are u a student Mugaro?
(39:57 / All) DiAbLo-JoiNt: HOW MUCH YOU NEED?
(39:57 / All) 418: YEAH WHY
(39:58 / All) DiAbLo-JoiNt: XP
(40:09 / All) ErPf3000: who win?
(40:11 / All) ErPf3000: :s
(40:35 / All) HoneyBlunt: not gonna say?
(40:39 / All) 418: HAVENT DECIDED
(40:47 / All) HoneyBlunt: ohhh
(40:55 / All) 418: I GOT ONE NIGGER YOU HAVE TWO
(40:56 / All) HoneyBlunt: sr year?
(41:06 / All) 418: AM I SENIOR IN HIGH SCHOOL? NO
(41:51 / All) 418: NO MORE CONVERSATION?
(42:05 / All) HoneyBlunt: so are u just taking some time off between HS and college?
(42:13 / All) 418: WHAT?
(42:25 / All) ErPf3000: diablo leaveeee
(42:29 / All) HoneyBlunt: i asked you where you were studying
(42:34 / All) HoneyBlunt: u said u did not decide
(42:35 / All) 418: NO YOU DIDNT
(42:40 / All) DiAbLo-JoiNt: GONNA TOUCH MYSELF, BRB
(42:42 / All) 418: OH
(42:44 / All) 418: I DIDNT READ THAT
(42:48 / All) ErPf3000: 418 ia gold 20023
(42:51 / All) HoneyBlunt: yes
(42:56 / All) ErPf3000: leaveee
(43:06 / All) 418: I DONT REALLY FEEL LIKE TALKING ABOUT WHERE I GO TO
(43:21 / All) HoneyBlunt: ahhh
(43:25 / All) 418: FEEL FREE TO ASSUME THAT IM A HIGH SCHOOL KID THOUGH
(43:31 / All) 418: NOW IM DISAPPOINTED HE LEFT
(43:43 / All) ErPf3000: afk
(43:50 / All) HoneyBlunt: he has less time to waste than us
(43:58 / All) 418: WHO DOES
(44:14 / All) HoneyBlunt: green
(44:23 / All) 418: HE PROBABLY JUST DOESNT CARE ABOUT THE WIN/LOSS
(44:44 / All) 418: MOST IMPORTANT OF ALL THOUGH
(44:46 / All) 418: I HAVE 100% TECH
(44:52 / All) 418: SO IF SHIT GOES DOWN, IM GOOD TO GO
(46:13 / All) HoneyBlunt: too bad u didnt live near me
(46:18 / All) HoneyBlunt: id have u over to burn one
(47:52 / All) HoneyBlunt: im not sure
(48:08 / All) DiAbLo-JoiNt: LOL
(48:28 / All) HoneyBlunt: Diablo, who are you?
(49:03 / All) WittySpaces.com: anyone want to explain to me
(49:07 / All) WittySpaces.com: what the fuck happened
(49:37 / All) HoneyBlunt: 418 bsed his team, then continued to play, purped bsed our team and now they are just afk i think
(49:53 / All) WittySpaces.com: fail
(49:57 / All) HoneyBlunt: im breakin up some weed to smoke
(54:35 / All) 418: NO IM HERE NOW
(54:42 / All) 418: EATING CHILE FOR THE 5TH OR 6TH NIGHT IN A ROW
(54:45 / All) DiAbLo-JoiNt: I HIDE
(56:50 / All) 418: ANYONE HERE?
(62:57 / All) DiAbLo-JoiNt: YOU HERE?
(64:04 / All) DiAbLo-JoiNt: COSTED 10K LOL
(64:37 / All) DiAbLo-JoiNt: COME DUEL ME LOL
(67:54 / All) DiAbLo-JoiNt: KILL ME IF YOU CAN
(67:58 / All) DiAbLo-JoiNt: GONNA AFK
(73:53 / All) HoneyBlunt: he is waiting for u top left
(74:05 / All) 418: HE HAVE ANY UNITS OTHER THAN ANCIENTS AND HERO?
(74:15 / All) HoneyBlunt: no
(74:26 / All) 418: AND THE HUNTER'S HALL IN THE BASE?
(74:26 / All) HoneyBlunt: go fight him in circle bm only
(74:31 / All) ErPf3000: KILL
(74:50 / All) DiAbLo-JoiNt: LOL
(74:59 / All) HoneyBlunt: lol
(75:44 / All) DiAbLo-JoiNt: CHEATER
(76:08 / All) HoneyBlunt: u know eachother?
(76:13 / All) 418: WHAT DO YOU THINK
(76:17 / All) HoneyBlunt: was this planned or are u both this way?
(77:03 / All) HoneyBlunt: who is behind diablo joint?
(77:07 / All) HoneyBlunt: whooo whooo
(77:08 / All) 418: WHAT DO YOU MEAN
(77:22 / All) HoneyBlunt: is he a smurf?
(77:24 / All) 418: NO
(77:27 / All) HoneyBlunt: or is diablo himself?
(77:34 / All) 418: MAIN AND ORIGINAL ACCOUNT
(77:50 / All) DiAbLo-JoiNt: QUIT BEING A JEW
(77:55 / All) HoneyBlunt: ohh well i think this is the first time i met up with this kid
(77:58 / All) WittySpaces.com: IF YOU ROOT ALL OF THEM
(78:00 / All) WittySpaces.com: AND MAKE ARCHERS
(78:03 / All) DiAbLo-JoiNt: THAT TOOK MY AWHILE TO BUILD
(78:05 / All) WittySpaces.com: NEVER FUCKING MIND
(78:19 / All) WittySpaces.com: UPROOT ALL AND MAKE WELLS
(83:48 / All) DiAbLo-JoiNt: DETO'D IT
(84:55 / All) HoneyBlunt: .
(84:58 / All) HoneyBlunt: ..
(85:00 / All) HoneyBlunt: ...
(85:02 / All) HoneyBlunt: ....
(85:05 / All) HoneyBlunt: .....
(85:05 / All) 418: HE HAVE ANY UNITS/BUILDINGS?
(85:11 / All) HoneyBlunt: yes
(85:14 / All) 418: THE HUNTERS HALL
(85:15 / All) 418: OTHER THAN THAT
(85:22 / All) HoneyBlunt: no other bld
(85:25 / All) 418: NO WISPS?
(85:30 / All) HoneyBlunt: yes
(85:32 / All) 418: WHERE
(85:41 / All) 418: OR YES HE HAS NO WISPS
(85:50 / All) HoneyBlunt: yes no whisps
(86:03 / All) DiAbLo-JoiNt: THOUGHT I'D LIE?
(86:18 / All) DiAbLo-JoiNt: I DO HAVE A CHIM
(86:22 / All) HoneyBlunt: what time is it mr fox?
(86:34 / All) HoneyBlunt: .
(86:35 / All) HoneyBlunt: ..
(86:37 / All) HoneyBlunt: ...
(86:39 / All) HoneyBlunt: ....
(86:41 / All) HoneyBlunt: .....
(86:44 / All) HoneyBlunt: ......
(86:47 / All) HoneyBlunt: .......
(86:51 / All) HoneyBlunt: ........
(86:55 / All) HoneyBlunt: .......
(86:58 / All) HoneyBlunt: ......
(87:00 / All) HoneyBlunt: .....
(87:01 / All) HoneyBlunt: .
(87:04 / All) HoneyBlunt: .
(87:05 / All) HoneyBlunt: .
(87:10 / All) HoneyBlunt: 1
(87:11 / All) HoneyBlunt: 10
(87:13 / All) HoneyBlunt: 101
(87:15 / All) HoneyBlunt: 1010
(87:17 / All) HoneyBlunt: 10101
(87:19 / All) HoneyBlunt: 1010101
(87:21 / All) HoneyBlunt: 101010101
(87:24 / All) HoneyBlunt: 101010101
(87:26 / All) HoneyBlunt: 10101
(87:27 / All) HoneyBlunt: 1010
(87:33 / All) HoneyBlunt: 1011010101001000100110010
(90:54 / All) 418: IF THE WOLVES KILL THE HALL WE WIN!
(91:06 / All) 418: OH WELL
(91:09 / All) 418: NOW WE HAVE NOTHING BUT A WARMILL
(92:16 / Allies) ErPf3000: FCK
(92:18 / Allies) ErPf3000: NOOB
(92:21 / Allies) ErPf3000: LOSSS??
(92:25 / Allies) ErPf3000: OMG
(92:28 / Allies) ErPf3000: NIGGAAA
(92:34 / Allies) ErPf3000: FCK
(92:44 / Allies) ErPf3000: HEYYY
(92:50 / All) 418: FIRST OF ALL SPEAK TO ALL
(104:33 / All) 418: WHO PAUSED?
(107:53 / All) DiAbLo-JoiNt: ORANGE